 Dungeon Crawl Stone Soup version 0.20.0-9-g8272e65 (webtiles) character file.

4148 Kosschaser the Carver (level 10, -3/76 HPs)
             Began as a Demonspawn Fighter on June 3, 2017.
             Was a Follower of Qazlal.
             Slain by a two-headed ogre
             ... wielding a +0 dire flail
              (16 damage)
             ... on level 8 of the Dungeon.
             The game lasted 00:25:24 (8745 turns).

Kosschaser the Carver (Demonspawn Fighter)          Turns: 8745, Time: 00:25:25

Health: -3/76      AC: 13    Str: 18    XL:     10   Next: 7%
Magic:  0/10       EV: 10    Int: 14    God:    Qazlal [*.....]
Gold:   411        SH:  9    Dex: 14    Spells: 9/9 levels left

rFire    + . .     SeeInvis .   H - +0 scimitar
rCold    . . .     Gourm    .   k - +2 buckler
rNeg     . . .     Faith    .   L - +0 chain mail {rF+}
rPois    .         Spirit   +   (no helmet)
rElec    .         Reflect  .   (no cloak)
rCorr    .         Harm     .   (no gloves)
MR       .....     Clarity  +   (no boots)
Stlth    ..........             (no amulet)
Regen    0.3/turn               c - +4 ring of intelligence
MPRegen  0.3/turn               x - +3 ring of protection

@: no status effects
A: claws 1, hooves 2, clarity, mutation resistance 1, magic shield, magic
regeneration
a: Renounce Religion


You were on level 8 of the Dungeon.
You worshipped Qazlal.
Qazlal was aware of your devotion.
You were near starving.

You visited 2 branches of the dungeon, and saw 9 of its levels.

You collected 411 gold pieces.

Inventory:

Hand Weapons
 H - a +0 scimitar (weapon)
Armour
 k - a +2 buckler (worn)
 p - a +0 pair of gloves
 L - a +0 chain mail of fire resistance (worn)
Jewellery
 c - a +4 ring of intelligence (left claw)
 n - an uncursed ring of protection from cold
 x - a +3 ring of protection (right claw)
Wands
 J - a wand of confusion (18/48)
Scrolls
 a - a scroll of brand weapon {unknown}
 e - a scroll of vulnerability {unknown}
 h - 2 scrolls of remove curse
 i - a scroll of identify
 j - 2 scrolls of teleportation
 o - 3 scrolls of fear
 q - 2 scrolls of recharging {unknown}
 t - a scroll of immolation {unknown}
 v - 2 scrolls of enchant weapon {unknown}
 w - 4 scrolls of magic mapping {unknown}
 y - 3 scrolls of amnesia {unknown}
 C - 4 scrolls of noise {unknown}
 E - 2 scrolls of fog {unknown}
 I - a scroll of enchant armour {unknown}
 K - a scroll of blinking {unknown}
Potions
 d - 3 potions of might
 l - 2 potions of cancellation {unknown}
 m - 6 potions of curing {unknown}
 r - 4 potions of heal wounds {unknown}
 z - a potion of resistance {unknown}
 A - 2 potions of agility {unknown}
 B - a potion of flight {unknown}
 D - a potion of invisibility {unknown}
 G - a potion of degeneration {unknown}
Books
 F - a book of Maledictions

   Spells                             Type                      Level
   a - Corona                         Hexes                        1
   b - Ensorcelled Hibernation        Hexes/Ice                    2
   c - Confuse                        Hexes                        3
   d - Tukima's Dance                 Hexes                        3
   e - Dazzling Spray                 Conjuration/Hexes            3
Comestibles
 f - 3 bread rations
 g - 12 royal jellies
 s - 4 meat rations
 u - 3 fruits


   Skills:
 + Level 6.2 Fighting
 + Level 8.6 Long Blades
 + Level 6.2 Armour
 * Level 5.6 Dodging
 + Level 5.0 Shields


You had 9 spell levels left.
You didn't know any spells.

Dungeon Overview and Level Annotations

Branches:
Dungeon (8/15)             Temple (1/1) D:6
   Lair: D:8-11

Altars:
Ashenzari
Cheibriados
Dithmenos
Elyvilon
Fedhas
Gozag
Hepliaklqana
Kikubaaqudgha
Makhleb
Nemelex Xobeh
Okawaru
Qazlal
Ru
Sif Muna
Trog
Xom
Yredelemnul
Zin
The Shining One

Shops:
D:4 [   D:7 :


Innate Abilities, Weirdness & Mutations

You have sharp fingernails.
You have hoof-like feet.
When hurt, damage is shared between your health and your magic reserves.
You regenerate magic rapidly.
You possess an exceptional clarity of mind.
You are somewhat resistant to further mutation.


Message History

The two-headed ogre is severely wounded.
The two-headed ogre barely misses you.
The two-headed ogre completely misses you.
You closely miss the two-headed ogre. Your kick misses the two-headed ogre.
The two-headed ogre is severely wounded.
You hit the two-headed ogre but do no damage.
The two-headed ogre is severely wounded.
The two-headed ogre hits you with a dire flail.
The two-headed ogre hits you with a giant club.
Your chain mail prevents you from hitting the two-headed ogre.
The two-headed ogre is severely wounded.
The crimson imp blinks!
The two-headed ogre hits you with a dire flail!
The two-headed ogre hits you with a giant club!!
* * * LOW HITPOINT WARNING * * *
You slash the two-headed ogre!
The two-headed ogre is almost dead.
The crimson imp misses you.
The two-headed ogre hits you with a dire flail!!
You die...

.......#. ...#..... ..###...
##.. #..# # #.. ..# #
#.###.##
##################W##...###..
...............5@OY...#..>..#
########.###########.###...##
...# #.# #.....#.5...# .#.#
#.########.##....#....
.#.#####.............##.# ...
.(...........##.####.# ... ##
.#.##.##.###.##.# ### .###
...##.##.# ####.# #
#.###.##.#### #.#


You could see a two-headed ogre, a phantom, an ice beast and a crimson imp.

Vanquished Creatures
  Pikel (D:7)
  The ghost of Darkell the Chiller, an amateur DsIE (D:4)
  The ghost of Darkell the Chiller, an amateur DsIE (D:3)
  Duvessa (D:6)
  A slave (D:7)
  An ice beast (D:8)
  2 sky beasts (D:8)
  A black bear (D:7)
  A necrophage (D:7)
  4 ogres
  2 centaurs
  A crocodile (D:8)
  10 bullfrogs
  Dowan (D:6)
  2 scorpions
  4 wights (D:6)
  5 killer bees (D:7)
  A howler monkey (D:3)
  A centaur zombie (D:7)
  4 crimson imps
  2 bullfrog zombies (D:7)
  A centaur skeleton (D:4)
  4 jellies
  A bullfrog skeleton (D:7)
  2 gnoll shamans
  An orc priest (D:6)
  A hound (D:6)
  3 worker ants
  Natasha (thrice) (D:3)
  5 orc wizards
  A killer bee zombie (D:6)
  11 gnolls
  5 adders
  A shadow imp (D:7)
  5 oozes (D:8)
  3 worms (D:3)
  2 dart slugs (D:1)
  2 leopard geckos
  11 orcs
  9 bats
  6 giant cockroaches
  12 goblins
  4 hobgoblins
  9 jackals
  3 quokkas
  A ball python (D:5)
  A frilled lizard (D:3)
  A jackal skeleton (D:4)
  4 kobolds
  5 rats
164 creatures vanquished.

Vanquished Creatures (others)
  3 slaves (D:7)
  A black bear (D:7)
  A bullfrog (D:4)
  2 hounds (D:4)
  An adder (D:4)
  A worm (D:4)
9 creatures vanquished.

Grand Total: 173 creatures vanquished

Notes
Turn   | Place    | Note
-------+----------+-------------------------------------------
     0 | D:1      | Kosschaser the Demonspawn Fighter began the quest for the Orb.
     0 | D:1      | Reached XP level 1. HP: 18/18 MP: 1/1
    91 | D:1      | Gained mutation: You have sharp fingernails. [demonic ancestry]
    91 | D:1      | Reached XP level 2. HP: 24/24 MP: 2/2
   722 | D:1      | Reached skill level 2 in Long Blades
  1127 | D:2      | Reached XP level 3. HP: 29/29 MP: 3/3
  1465 | D:3      | Reached skill level 1 in Dodging
  1469 | D:3      | Noticed Natasha
  1480 | D:3      | Killed Natasha
  1480 | D:3      | Gained mutation: When hurt, damage is shared between your health and your magic reserves. [demonic ancestry]
  1480 | D:3      | Reached XP level 4. HP: 16/35 MP: 4/4
  1541 | D:3      | Noticed Natasha
  1549 | D:3      | Killed Natasha
  1653 | D:3      | Reached skill level 3 in Long Blades
  1653 | D:3      | Gained mutation: You have large cloven feet. [demonic ancestry]
  1653 | D:3      | Reached XP level 5. HP: 31/41 MP: 3/5
  1730 | D:3      | Noticed Darkell's ghost (amateur DsIE)
  1742 | D:3      | Killed Darkell's ghost
  1742 | D:3      | Reached XP level 6. HP: 21/47 MP: 3/6
  1897 | D:3      | Noticed Natasha
  1916 | D:3      | Killed Natasha
  1925 | D:3      | Found a deep blue altar of Sif Muna.
  2022 | D:3      | Reached skill level 4 in Long Blades
  2951 | D:4      | Found Taeli's Armour Emporium.
  3034 | D:4      | Gained mutation: You have hoof-like feet. [demonic ancestry]
  3034 | D:4      | Reached XP level 7. HP: 38/53 MP: 5/7
  3099 | D:4      | Found a shimmering altar of Xom.
  3162 | D:4      | Noticed Darkell's ghost (amateur DsIE)
  3183 | D:4      | Killed Darkell's ghost
  3183 | D:4      | Reached skill level 5 in Long Blades
  3787 | D:5      | Entered Level 5 of the Dungeon
  5023 | D:6      | Reached XP level 8. HP: 53/61 MP: 5/8
  5214 | D:6      | Found a blossoming altar of Fedhas.
  5253 | D:6      | Found a sacrificial altar of Ru.
  5321 | D:6      | Reached skill level 6 in Long Blades
  5600 | D:6      | Noticed Duvessa
  5633 | D:6      | Noticed Dowan
  5652 | D:6      | Killed Duvessa
  5672 | D:6      | Killed Dowan
  5672 | D:6      | Reached skill level 5 in Armour
  5973 | D:6      | Found a shadowy altar of Dithmenos.
  6015 | D:6      | Reached skill level 5 in Fighting
  6087 | D:6      | Gained mutation: You regenerate magic rapidly. [demonic ancestry]
  6087 | D:6      | Reached XP level 9. HP: 50/68 MP: 6/9
  6093 | D:6      | Found a staircase to the Ecumenical Temple.
  6097 | Temple   | Entered the Ecumenical Temple
  6226 | D:6      | Reached skill level 7 in Long Blades
  6687 | D:7      | Noticed Pikel
  6722 | D:7      | Killed Pikel
  6722 | D:7      | Reached skill level 5 in Dodging
  6856 | D:7      | Found a stormy altar of Qazlal.
  6862 | D:7      | Became a worshipper of Qazlal Stormbringer
  7282 | D:7      | Reached skill level 8 in Long Blades
  7707 | D:7      | Found Ybboup's Book Emporium.
  7877 | D:8      | Reached * piety under Qazlal
  7959 | D:8      | Found a sparkling altar of Nemelex Xobeh.
  8097 | D:8      | Gained mutation: You are somewhat resistant to further mutation. [mutagenic meat]
  8101 | D:8      | Gained mutation: You possess an exceptional clarity of mind. [mutagenic meat]
  8173 | D:8      | Reached skill level 5 in Shields
  8484 | D:8      | Reached XP level 10. HP: 66/76 MP: 10/10
  8719 | D:8      | Noticed a two-headed ogre
  8745 | D:8      | Slain by a two-headed ogre

Skill      XL: |  1  2  3  4  5  6  7  8  9 |
---------------+----------------------------+-----
Armour         | 3 4 5 6 |  6.2
Long Blades    | 2 3 4 5 6 8 |  8.6
Shields        | 3 4 5 |  5.0
Dodging        | 1 2 3 4 5 |  5.6
Fighting       | 4 5 6 |  6.2

Action                   |  1- 3 |  4- 6 |  7- 9 | 10-12 || total
-------------------------+-------+-------+-------+-------++-------
Melee: Long sword        |   123 |   208 |   217 |       ||   548
       Kick              |       |    70 |   201 |    14 ||   285
       Scimitar          |       |       |   357 |    37 ||   394
  Use: Scroll            |       |       |     7 |       ||     7
  Eat: Chunk             |     2 |     5 |    19 |       ||    26
       Bread ration      |       |       |     1 |       ||     1
Armor: Scale mail        |    52 |   109 |   105 |       ||   266
       Skin              |       |       |    10 |       ||    10
       Chain mail        |       |       |   121 |    15 ||   136
Dodge: Dodged            |    71 |   135 |   275 |    10 ||   491
Block: Shield            |     5 |       |       |       ||     5
       Buckler           |    46 |    96 |   195 |    13 ||   350
       Rpst.: Long sword |    25 |    42 |    32 |       ||    99
       Scimitar          |       |       |    48 |     2 ||    50
